Map: Simulacrum LE

Players

soO - Winner!

  • Race: Zerg Zerg
  • Spawn Location: 11:00

AgoElazer (Elazer)

  • Race: Zerg Zerg
  • Spawn Location: 5:00

Event: Shopify TSL 5

VOD

Have the link to the VOD?

Description

Time

  • Played on: May 31, 2020, 9:13 a.m.
  • Length: 8:23

All games in this series

Show
View Real Time Build Order
Export as new Build Order

soO Zerg - Winner!

Build Orders: Hatch First 

Get SALT Encoding   

  12  0:01  Drone  
  13  0:12  Overlord  
  13  0:17  Drone  
  14  0:31  Drone x2  
  16  0:49  Hatchery  
  15  0:52  Drone  
  15  0:55  Drone  
  17  0:58  Drone  
  18  1:10  Extractor  
  17  1:13  Spawning Pool  
  17  1:16  Drone  
  17  1:20  Drone  
  18  1:28  Drone  
  19  1:40  Drone  
  20  1:52  Drone  
  21  2:00  Queen  
  21  2:01  Queen  
  23  2:03  Drone  
  23  2:04  Overlord  
  26  2:13  Drone x2  
  26  2:14  Metabolic Boost  
  28  2:23  Drone x2  
  30  2:34  Hatchery  
  30  2:36  Drone  
  30  2:41  Zergling x2  
  31  2:44  Queen  
  31  2:48  Overlord  
  33  2:55  Baneling Nest  
  33  2:56  Drone  
  33  2:58  Zergling x2  
  33  3:00  Drone  
  35  3:07  Drone  
  35  3:08  Drone  
  35  3:10  Drone x2  
  35  3:12  Drone  
  40  3:15  Overlord  
  40  3:17  Drone  
  41  3:23  Zergling x4  
  41  3:25  Drone  
  44  3:38  Drone  
  44  3:39  Drone  
  46  3:43  Evolution Chamber, Drone  
  46  3:44  Drone x3  
  46  3:45  Drone  
  46  3:46  Drone  
  51  3:54  Drone x2  
  51  3:55  Drone  
  54  3:56  Overlord  
  54  3:58  Baneling  
  54  3:59  Drone  
  54  4:01  Overlord  
  55  4:04  Drone  
  55  4:09  Drone, Zerg Missile Weapons Level 1  
  56  4:11  Roach Warren  
  56  4:16  Extractor  
  54  4:17  Extractor, Drone x3  
  54  4:18  Drone x3  
  59  4:26  Lair  
  59  4:28  Drone x4  
  59  4:29  Drone  
  64  4:32  Overlord  
  64  4:40  Overlord  
  64  4:41  Overlord  
  64  4:43  Zergling x8  
  68  4:47  Queen  
  68  4:50  Queen  
  72  4:55  Zergling x2  
  72  4:56  Zergling x4  
  72  4:57  Baneling  
  75  5:01  Roach x4  
  75  5:05  Roach x2  
  75  5:06  Roach  
  89  5:14  Roach  
  91  5:18  Overlord  
  91  5:22  Queen  
  91  5:26  Queen, Nydus Network  
  91  5:28  Queen  
  94  5:38  Roach x3, Zergling x2  
  94  5:39  Zergling x2  
  98  5:43  Overlord  
  98  5:45  Overlord  
  98  5:47  Glial Reconstitution  
  98  5:49  Roach x2  
  100  5:58  Overlord  
  100  6:02  Nydus Canal  
  100  6:03  Queen  
  102  6:05  Queen x2  
  102  6:10  Roach x3  
  112  6:14  Roach x2  
  112  6:15  Overlord  
  112  6:17  Spore Crawler  
  113  6:23  Overlord  
  113  6:27  Nydus Canal  
  113  6:29  Roach x2  
  113  6:30  Overlord  
  113  6:32  Overlord  
  117  6:34  Overlord  
  117  6:35  Roach x2  
  117  6:39  Queen, Spore Crawler  
  122  6:40  Spore Crawler  
  122  6:42  Roach x2  
  122  6:44  Roach  
  127  6:48  Queen  
  127  6:54  Roach x3  
  133  6:57  Roach  
  131  7:05  Overlord  
  115  7:15  Spore Crawler  
  112  7:17  Nydus Canal  
  112  7:19  Drone  
  112  7:20  Drone x2  
  115  7:23  Queen  
  115  7:24  Drone x2  
  115  7:25  Drone x2  
  115  7:26  Drone  
  115  7:27  Queen  
  124  7:31  Overlord  
  124  7:34  Drone  
  124  7:35  Drone  
  126  7:42  Spore Crawler  
  118  7:54  Drone  
  107  8:08  Drone  
Show
View Real Time Build Order
Export as new Build Order

AgoElazer Zerg 

Build Orders: Hatch First 

Get SALT Encoding   

  12  0:00  Drone  
  13  0:12  Overlord  
  13  0:17  Drone  
  14  0:30  Drone x2  
  16  0:49  Hatchery  
  15  0:51  Drone  
  15  0:55  Drone  
  17  0:58  Drone  
  18  1:09  Extractor  
  17  1:14  Spawning Pool  
  17  1:17  Drone  
  17  1:20  Drone  
  18  1:28  Drone  
  19  1:39  Drone  
  20  1:49  Drone  
  21  2:01  Queen x2, Drone  
  22  2:02  Overlord  
  26  2:10  Metabolic Boost  
  26  2:12  Drone  
  26  2:13  Zergling x2  
  28  2:22  Drone x2  
  30  2:33  Drone  
  30  2:36  Hatchery  
  30  2:40  Drone  
  31  2:44  Drone x2  
  31  2:48  Baneling Nest  
  32  2:53  Overlord  
  32  2:55  Drone  
  33  3:05  Drone x2  
  34  3:09  Overlord  
  34  3:10  Drone  
  36  3:13  Drone x2  
  36  3:14  Drone  
  36  3:15  Drone  
  36  3:19  Drone x2  
  42  3:32  Drone x2  
  44  3:37  Lair  
  44  3:39  Extractor  
  44  3:40  Drone x2  
  44  3:41  Drone x3  
  47  3:43  Zergling x6  
  50  3:49  Queen  
  50  3:51  Overlord  
  50  3:54  Zergling x2  
  53  3:55  Zergling x2  
  53  4:00  Drone  
  55  4:03  Drone x2  
  55  4:08  Extractor  
  56  4:10  Extractor  
  56  4:12  Drone  
  56  4:13  Drone x2  
  56  4:14  Drone  
  56  4:15  Drone x2  
  56  4:16  Drone x2  
  63  4:22  Overlord  
  63  4:24  Evolution Chamber  
  62  4:31  Drone x3  
  62  4:35  Spire  
  66  4:38  Drone x2  
  66  4:41  Extractor  
  66  4:42  Extractor  
  64  4:46  Overlord  
  64  4:48  Drone x4  
  64  4:50  Drone x3  
  71  4:54  Zerg Melee Weapons Level 1  
  71  4:56  Overlord  
  71  4:59  Drone  
  71  5:04  Drone x5  
  76  5:09  Overlord  
  76  5:14  Baneling x2  
  76  5:17  Spine Crawler  
  76  5:20  Zergling x6  
  78  5:21  Baneling  
  78  5:22  Baneling  
  78  5:23  Zergling x10  
  82  5:46  Overlord  
  82  5:47  Mutalisk x8  
  97  6:02  Overlord  
  97  6:03  Zerg Flyer Weapons Level 1  
  97  6:05  Mutalisk x3  
  97  6:08  Drone x2  
  105  6:17  Overlord  
  104  6:18  Zergling x2  
  104  6:19  Zergling x2  
  104  6:22  Overlord  
  104  6:23  Spine Crawler  
  104  6:24  Spine Crawler  
  104  6:30  Spine Crawler  
  104  6:31  Spine Crawler x2, Mutalisk x2  
  105  6:40  Hatchery  
  105  6:41  Mutalisk x2  
  105  6:42  Mutalisk  
  105  6:43  Spine Crawler x2, Overlord  
  105  6:46  Mutalisk  
  108  6:48  Zergling x2  
  101  7:01  Spine Crawler  
  101  7:02  Mutalisk x2  
  96  7:09  Queen x2  
  96  7:11  Overlord  
  99  7:17  Overlord  
  99  7:28  Overlord  
  99  7:29  Overlord x2  
  99  7:34  Mutalisk  
  99  7:35  Mutalisk  
  99  7:36  Spine Crawler  
  102  7:37  Mutalisk  
  102  7:38  Mutalisk  
  102  7:43  Spine Crawler  
  103  7:52  Mutalisk  
  101  7:59  Mutalisk  
Tags
 
Add a new tag
Caveats
  • Supply blocks, unpowered buildings, or Contaminate may cause inaccurate times.
  • Supply counts are checked every 10 seconds.